 Dungeon Crawl Stone Soup version 0.30-a0-23-ge60ba3568b (webtiles) character file.

Game seed: 15349351083596958541

55 ytrimaz the Insei (level 3, 0/58 HPs)
             Began as a Demonspawn Transmuter on Aug 25, 2022.
             Slain by a quokka (2 damage)
             ... on level 3 of the Dungeon.
             The game lasted 00:01:32 (1624 turns).

ytrimaz the Insei (Demonspawn Transmuter)           Turns: 1624, Time: 00:01:33

Health: 0/58       AC: 21    Str: 12    XL:     3   Next: 67%
Magic:  6/6        EV:  2    Int: 14    God:
Gold:   104        SH:  0    Dex: 13    Spells: 5/6 levels left

rFire   . . .      SeeInvis .      - Unarmed
rCold   . . .      Faith    .    (no shield)
rNeg    . . .      Spirit   .    (body armour currently unavailable)
rPois   +          Reflect  .    (helmet currently unavailable)
rElec   .          Harm     .    (cloak currently unavailable)
rCorr   .          Rampage  .    (gloves currently unavailable)
Will    .....      NoTele   +    (boots currently unavailable)
Stlth   ..........               (no amulet)
HPRegen 0.19/turn                g - ring of poison resistance
MPRegen 0.10/turn                (no ring)

@: berserking, tree-form, invisible, very quick
A: stationary, stasis, torment immunity, boosted hp, (slimy green scales 1)
a: no special abilities


You were on level 3 of the Dungeon.
You were a tree.
You visited 1 branch of the dungeon, and saw 3 of its levels.

You collected 104 gold pieces.

Inventory:

Armour
 a - a +0 robe (melded)
 h - a scarf of repulsion (melded)
Jewellery
 g - a ring of poison resistance (left branch)
Scrolls
 c - a scroll of vulnerability {unknown}
 d - 2 scrolls of amnesia {unknown}
 f - 2 scrolls of identify {unknown}
 j - a scroll of poison {unknown}
 k - a scroll of torment {unknown}
Potions
 i - a potion of haste {unknown}
 l - a potion of degeneration {unknown}
 m - a potion of invisibility
 n - a potion of resistance {unknown}
 o - a potion of heal wounds {unknown}


   Skills:
 - Level 1.0 Fighting
 + Level 2.2 Dodging
 + Level 3.6 Unarmed Combat
 - Level 2.0 Spellcasting
 + Level 2.3 Transmutations


You had 5 spell levels left.
You knew the following spells:

 Your Spells              Type           Power      Damage    Failure   Level
a - Beastly Appendage     Tmut           16%        N/A       9%          1

Your spell library contained the following spells:

 Spells                   Type           Power      Damage    Failure   Level
 Wereblood                Tmut           8%         N/A       14%         2
 Spider Form              Tmut/Pois      4%         N/A       41%         3
 Ice Form                 Ice/Tmut       4%         N/A       82%         4
 Freezing Cloud           Conj/Ice/Air   0%         6-21      100%        5
 Simulacrum               Ice/Necr       0%         N/A       100%        6
 Polar Vortex             Ice            0%         N/A       100%        9


Dungeon Overview and Level Annotations

Branches:
Dungeon (3/15)

Altars:


Innate Abilities, Weirdness & Mutations

You are a tree.
Your roots penetrate the ground, keeping you stationary.
You cannot be teleported.
You are immune to unholy pain and torment.
Your maximum health is greatly increased.
Your equipment is partially melded.
((You are partially covered in slimy green scales. (AC +2)))


Message History

The adder is almost dead.
Your transformation is almost over.
You feel sick. The adder bites you.
* * * LOW HITPOINT WARNING * * *
The adder barely misses you. The quokka completely misses you.
The quokka bites you but does no damage.
You closely miss the adder.
The adder is almost dead.
You feel sick. The adder closely misses you.
The quokka bites you but does no damage.
The quokka barely misses you.
Unknown command.
You closely miss the adder. You claw the adder, but do no damage.
The adder is almost dead.
You feel sick. The adder bites you.
* * * LOW HITPOINT WARNING * * *
The quokka closely misses you. x2
Unknown command.
Really quaff the potion of lignification?
Your horns disappear.
Your talons disappear.
You turn into a tree.
Your scarf of repulsion melds into your body.
Your +0 robe melds into your body.
The haze of the repulsion field disappears.
Your roots penetrate the ground.
* * * LOW HITPOINT WARNING * * *
You feel sick.
You are no longer poisoned.
The adder bites you but does no damage.
The quokka bites you but does no damage. x2
It was a potion of invisibility.
You fade into invisibility!
The adder bites you but does no damage.
The quokka bites you but does no damage. x2
The adder bites you but does no damage.
Unknown command.
It was a potion of berserk rage.
A red film seems to cover your vision as you go berserk!
You feel yourself moving faster!
You feel mighty! The quokka bites you.
You die...

########
##|.....##
##........##
#..<.S.....#
#...♣......#
#...rr.....#
#..........#
#..........#
##........##
#........#
.....?.....
#...<......#


You could see an adder (unable to see you) and 2 quokkas.

Vanquished Creatures
  An adder (D:2)
  A worm (D:2)
  A dart slug (D:2)
  3 endoplasms (D:2)
  A giant cockroach (D:1)
  3 goblins
  A hobgoblin (D:1)
  4 jackals (D:2)
  4 quokkas
  5 ball pythons
  2 bats (D:1)
  3 frilled lizards
  6 kobolds
  2 rats
37 creatures vanquished.

Notes
Turn   | Place    | Note
-------+----------+-------------------------------------------
     0 | D:1      | ytrimaz the Demonspawn Transmuter began the quest for the
                  | Orb.
     0 | D:1      | Reached XP level 1. HP: 15/15 MP: 3/3
   277 | D:1      | Reached skill level 3 in Unarmed Combat
   297 | D:1      | Gained mutation: You are partially covered in slimy green
                  | scales. (AC +2) [demonic ancestry]
   297 | D:1      | Reached XP level 2. HP: 15/21 MP: 3/5
   810 | D:2      | Reached XP level 3. HP: 20/26 MP: 4/6
  1490 | D:2      | Found a faded altar of an unknown god.
  1621 | D:3      | HP: 1/26 [adder (4)]
  1624 | D:3      | Slain by a quokka

Illustrated notes

Levels and vault maps discovered:
D:1:      matt_arrival_los_fun, layout_rooms
D:2:      layout_loops_ring, shapermc_ecumenical_altar_notcrosses
D:3:      layout_rooms, lightli_temple_of_fire

Skill      XL: |  1  2 |
---------------+-------+-----
Unarmed Combat | 3 |  3.6
Transmutations | 2 |  2.3
Dodging        | 2 |  2.2
Fighting       | |  1.0
Spellcasting   | |  2.0

Action                   || total
-------------------------++-------
Melee: Unarmed           ||   116
       Kick              ||    26
       Headbutt          ||     8
 Cast: Beastly Appendage ||    23
  Use: Potion            ||     3
 Stab: Sleeping          ||     4
Armor: Robe              ||    37
       Skin              ||     7
Dodge: Dodged            ||    85

Table legend: (Time is in decaauts)
 A = Elapsed time spent in this place.
 B = Non-inter-level travel time spent in this place.
 C = Inter-level travel time spent in this place.
 D = Time resting spent in this place.
 E = Time spent auto-exploring this place.
 F = Levels seen in this place.
 G = Mean time per level.
                   A        B        C        D        E       F      G
               +--------+--------+--------+--------+--------+-----+--------+
         Total |   1614 |   1561 |     53 |     21 |   1216 |   3 |  538.0 |
       Dungeon |   1614 |   1561 |     53 |     21 |   1216 |   3 |  538.0 |
               +--------+--------+--------+--------+--------+-----+--------+

Top non-repeatable levels by time:
     D:2: 912 daAuts
     D:1: 689 daAuts
     D:3: 13 daAuts
